 Dungeon Crawl Stone Soup version 0.29.1-1-gd02db6906a (webtiles) character file.

Game seed: 13856612070143686934

387 LustLizard the Slasher (level 6, 0/47 HPs)
             Began as a Demonspawn Gladiator on Oct 3, 2022.
             Was an Initiate of Okawaru.
             Succumbed to a water moccasin's poison
             ... on level 5 of the Dungeon.
             The game lasted 00:05:45 (4045 turns).

LustLizard the Slasher (Demonspawn Gladiator)       Turns: 4045, Time: 00:05:45

Health: 0/47       AC: 11    Str: 20    XL:     6   Next: 49%
Magic:  6/6        EV:  7    Int: 15    God:    Okawaru [......]
Gold:   214        SH:  0    Dex: 17    Spells: 5/5 levels left

rFire   . . .      SeeInvis .   a - +1 long sword
rCold   . . .      Faith    .   (no shield)
rNeg    . . .      Spirit   .   w - +0 plate armour
rPois   .          Reflect  .   c - +0 helmet
rElec   .          Harm     .   (no cloak)
rCorr   .          Rampage  .   (no gloves)
Will    .....                   (no boots)
Stlth   ..........              (no amulet)
HPRegen 0.15/turn               h - +6 ring of strength
MPRegen 0.10/turn               j - +6 ring of intelligence

@: mighty, lethally poisoned (0 -> -1)
A: claws 1, foul stench 1, spiny 1
a: Renounce Religion


You were on level 5 of the Dungeon.
You worshipped Okawaru.
Okawaru was noncommittal.
You visited 2 branches of the dungeon, and saw 7 of its levels.

You collected 214 gold pieces.

Inventory:

Hand Weapons
 a - a +1 long sword (weapon)
Missiles
 d - 5 throwing nets (quivered)
 e - 6 javelins
 k - 19 stones
 u - 2 boomerangs
Armour
 b - a +0 leather armour
 c - a +0 helmet (worn)
 f - a +0 ring mail
 q - a +0 chain mail
 w - a +0 plate armour (worn)
Jewellery
 h - a +6 ring of strength (left claw)
 j - a +6 ring of intelligence (right claw)
 o - a ring of resist corrosion
 x - an amulet of the acrobat
Wands
 v - a wand of flame (17)
Scrolls
 g - a scroll of enchant weapon
 i - 2 scrolls of blinking
 m - a scroll of silence {unknown}
 t - a scroll of teleportation {unknown}
 y - a scroll of fog
 z - a scroll of fear
Potions
 n - 2 potions of brilliance


   Skills:
 + Level 3.4 Fighting
 * Level 4.7 Long Blades
 + Level 3.2 Throwing
 + Level 3.8 Dodging


You had 5 spell levels left.
You didn't know any spells.
Your spell library contained the following spells:

 Spells                   Type           Power      Damage    Failure   Level
 Dazzling Flash           Conj/Hex       0%         N/A       100%        3
 Ozocubu's Armour         Ice            0%         N/A       100%        3
 Iskenderun's Mystic Bla  Conj/Tloc      0%         2d3       100%        4
 Metabolic Englaciation   Hex/Ice        0%         N/A       100%        5
 Starburst                Conj/Fire      0%         6d3       100%        6
 Simulacrum               Ice/Necr       Unusable   N/A       N/A         6

Dungeon Overview and Level Annotations

Branches:
Dungeon (6/15)             Temple (1/1) D:4

Altars:
Ashenzari
Cheibriados
Dithmenos
Fedhas
Gozag
Hepliaklqana
Kikubaaqudgha
Makhleb
Nemelex Xobeh
Okawaru
Ru
Trog
Uskayaw
Vehumet
Wu Jian
Yredelemnul

Shops:
D:3 [


Innate Abilities, Weirdness & Mutations

You have sharp fingernails.
You may rarely emit foul miasma when damaged in melee.
You are partially covered in sharp spines.


Message History

Okawaru accepts your kill.
You completely miss the orc.
The orc is severely wounded.
* * * LOW HITPOINT WARNING * * *
You feel very sick. The orc is struck by your spines.
You kill the orc!
Okawaru accepts your kill.
It was a potion of cancellation.
You feel magically purged.
* * * LOW HITPOINT WARNING * * *
You feel sick.
It was a potion of magic.
Magic courses through your body.
* * * LOW HITPOINT WARNING * * *
You feel sick.
It was a potion of might.
You feel very mighty all of a sudden.
* * * LOW HITPOINT WARNING * * *
You feel sick.
Okay, then.
As you read the scroll labelled INNON YMNAE, it crumbles to dust.
It is a scroll of enchant weapon.
Your +0 long sword glows red for a moment.
* * * LOW HITPOINT WARNING * * *
You feel sick.
Okay, then.
As you read the scroll labelled ZILOUGGUAN, it crumbles to dust.
It is a scroll of identify.
i - 2 scrolls of blinking
* * * LOW HITPOINT WARNING * * *
You feel sick.
Okay, then.
As you read the scroll of identify, it crumbles to dust.
y - a scroll of fog You hear the slow rusting of a very distant drain.
* * * LOW HITPOINT WARNING * * *
You feel sick.
As you read the scroll labelled XALOANAUQI, it crumbles to dust.
You assume a fearsome visage.
Nothing appears to happen.
It was a scroll of fear.
You die...

########.##.#.......
.................... ###
.................#.###..
.................#?..#.#
........................
.................###.#.#
.........<.......# #.#.#
.................#.....#
......)@.............#..
.................###.#.#
.................# #.#.#
................## #.#.#
................#
........>..(....#
..................
.........).......##
...............#


There were no monsters in sight!

Vanquished Creatures
  A water moccasin (D:5)
  A black bear (D:4)
  A necrophage (D:4)
  Jessica (D:2)
  3 adders
  A worm (D:4)
  An orc (D:5)
  8 endoplasms
  5 giant cockroaches
  5 hobgoblins
  3 jackals (D:2)
  7 kobolds
  3 quokkas
  8 ball pythons
  8 bats
  A frilled lizard (D:2)
  6 goblins
  5 rats
68 creatures vanquished.

Notes
Turn   | Place    | Note
-------+----------+-------------------------------------------
     0 | D:1      | LustLizard the Demonspawn Gladiator began the quest for the
                  | Orb.
     0 | D:1      | Reached XP level 1. HP: 16/16 MP: 1/1
   368 | D:1      | Gained mutation: You may rarely emit foul miasma when
                  | damaged in melee. [demonic ancestry]
   368 | D:1      | Reached XP level 2. HP: 22/22 MP: 2/2
   408 | D:1      | Reached skill level 3 in Long Blades
  1174 | D:2      | Gained mutation: You are partially covered in sharp spines.
                  | [demonic ancestry]
  1174 | D:2      | Reached XP level 3. HP: 28/28 MP: 3/3
  1528 | D:2      | Found a faded altar of an unknown god.
  1628 | D:2      | Noticed Jessica
  1635 | D:2      | Killed Jessica
  1636 | D:2      | Reached XP level 4. HP: 34/34 MP: 4/4
  2670 | D:3      | Found Hikhasep's Antique Armour Boutique.
  3079 | D:3      | Found a sparkling altar of Nemelex Xobeh.
  3079 | D:3      | Found a bloodstained altar of Trog.
  3081 | D:3      | Found an opulent altar of Gozag.
  3461 | D:4      | Found a staircase to the Ecumenical Temple.
  3476 | Temple   | Entered the Ecumenical Temple
  3719 | Temple   | Became a worshipper of Warmaster Okawaru
  3920 | D:4      | You fall into a shaft and drop 2 floors!
  3997 | D:5      | Entered Level 5 of the Dungeon
  4003 | D:5      | Noticed a black bear
  4012 | D:5      | Noticed a necrophage
  4025 | D:4      | Killed a black bear
  4026 | D:4      | Reached skill level 4 in Long Blades
  4026 | D:4      | Reached XP level 5. HP: 31/41 MP: 5/5
  4029 | D:4      | Gained mutation: You have sharp fingernails. [demonic
                  | ancestry]
  4029 | D:4      | Reached XP level 6. HP: 23/47 MP: 6/6
  4031 | D:5      | Noticed a water moccasin
  4037 | D:5      | Killed a water moccasin
  4042 | D:5      | HP: 2/47 [poisoned by a water moccasin]
  4045 | D:5      | Succumbed to a water moccasin's poison

Illustrated notes

Levels and vault maps discovered:
D:1:      minmay_arrival_doors, layout_basic, minivault_23,
          kennysheep_another_room, corexii_hall_statues_u, minmay_tetromino_l2
D:2:      layout_basic, shapermc_ecumenical_altar_petra, hex_large,
          minmay_strange_pillars, hangedman_decor_points, uniq_jessica
D:3:      layout_loops_corners, nicolae_overflow_hidden_temple, serial_shops,
          nicolae_shop_statue_plus, nicolae_figureground_pulse
D:4:      layout_rooms, minmay_temple_entry_trees, kennysheep_small_circle
D:5:      layout_basic, cheibrodos_sewer_entry_bend, minmay_starry_boxes,
          uniq_edmund, uniq_crazy_yiuf_cottage
D:6:      lemuel_slime, layout_loops_ring, grunt_qazlal_clouds, uniq_pikel
Temple:   regret_index_temple_generic_petals

Skill      XL: |  1  2  3  4  5 |
---------------+----------------+-----
Long Blades    | 3 4 |  4.7
Throwing       | 2 3 |  3.2
Dodging        | 3 |  3.8
Fighting       | 3 |  3.4

Action                   |  1- 3 |  4- 6 || total
-------------------------+-------+-------++-------
Melee: Long sword        |    91 |    79 ||   170
       Punch             |       |     1 ||     1
  Use: Scroll            |       |     4 ||     4
       Potion            |       |     3 ||     3
Armor: Ring mail         |    36 |     4 ||    40
       Leather armour    |     1 |       ||     1
       Chain mail        |       |    31 ||    31
       Plate armour      |       |    18 ||    18
Dodge: Dodged            |    78 |    40 ||   118
